 Dungeon Crawl Stone Soup version 0.28-a0-429-g1448048969 (webtiles) character file.

Game seed: 10721772631260041849

3350 freelancePsychic the Conjurer (level 9, 0/74 HPs)
             Began as a Yellow Draconian Conjurer on Sept 11, 2021.
             Was a High Priest of Cheibriados.
             Slain by a troll (8 damage)
             ... on level 8 of the Dungeon.
             The game lasted 00:19:27 (10974 turns).

freelancePsychic the Conjurer (DrCj)               Turns: 10974, Time: 00:19:27

Health: 0/74       AC: 13    Str: 21    XL:     9   Next: 72%
Magic:  2/15       EV: 15    Int: 32    God:    Cheibriados [*****.]
Gold:   275        SH:  0    Dex: 21    Spells: 8/16 levels left

rFire   + + .      SeeInvis .   w - staff of fire
rCold   . . .      Faith    .   (no shield)
rNeg    . . .      Spirit   .   (armour unavailable)
rPois   .          Reflect  .   (helmet restricted)
rElec   .          Harm     .   (no cloak)
rCorr   +          Rampage  .   n - +1 pair of gloves
Will    .....                   (no boots)
Stlth   ++........              (no amulet)
HPRegen 0.22/turn               m - ring of protection from fire
MPRegen 0.14/turn               x - +4 ring of protection

@: very slightly contaminated, invisible, unable to read, very slow
A: spit acid, AC +7, unfitting armour, cold-blooded, acid resistance, inability
to read while threatened
a: Breathe Acid, Renounce Religion, Bend Time, Temporal Distortion, Slouch, Step
From Time


You were on level 8 of the Dungeon.
You worshipped Cheibriados.
Cheibriados was extremely pleased with you.
You visited 1 branch of the dungeon, and saw 9 of its levels.
You also visited: Sewer.

You collected 275 gold pieces.

Inventory:

Missiles
 b - 3 throwing nets
Armour
 n - a +1 pair of gloves (worn)
Magical Staves
 w - a staff of fire (weapon)
Jewellery
 m - a ring of protection from fire (left hand)
 x - a +4 ring of protection (right hand)
Wands
 a - a wand of flame (10)
Scrolls
 d - 4 scrolls of vulnerability
 g - a scroll of fog
 h - a scroll of amnesia
 j - 3 scrolls of teleportation {@r4}
 k - 3 scrolls of immolation
 t - a scroll of enchant weapon
 v - 3 scrolls of enchant armour
Potions
 c - a potion of brilliance
 f - a potion of resistance
 i - a potion of lignification {unknown}
 l - a potion of heal wounds {unknown}
 o - a potion of cancellation
 p - 3 potions of mutation
 s - a potion of might


   Skills:
 - Level 5.0 Fighting
 - Level 5.4 Dodging
 - Level 1.8 Stealth
 - Level 4.0 Spellcasting
 - Level 7.8 Conjurations
 - Level 1.8 Hexes
 + Level 5.8 Necromancy
 + Level 5.8 Earth Magic


You had 8 spell levels left.
You knew the following spells:

 Your Spells              Type           Power      Damage    Failure   Level
a - Magic Dart            Conj           100%       1d8       1%          1
b - Searing Ray           Conj           100%       2d8       1%          2
c - Borgnjor's Vile Clut  Necr/Erth      21%        N/A       14%         5

Your spell library contained the following spells:

 Spells                   Type           Power      Damage    Failure   Level
 Sublimation of Blood     Necr           21%        N/A       1%          2
 Dazzling Flash           Conj/Hex       74%        N/A       2%          3
 Ensorcelled Hibernation  Hex/Ice        24%        N/A       6%          2
 Tukima's Dance           Hex            18%        N/A       8%          3
 Fulminant Prism          Conj/Hex       18%        3d11      8%          4
 Wereblood                Tmut           6%         N/A       9%          2
 Iskenderun's Mystic Bla  Conj/Tloc      31%        2d8       12%         4
 Agony                    Necr           43%        N/A       14%         5
 Silence                  Hex/Air        6%         N/A       71%         5
 Alistair's Intoxication  Tmut/Pois      4%         N/A       83%         5
 Eringya's Noxious Bog    Tmut/Pois      3%         N/A       100%        6
 Summon Hydra             Summ           3%         N/A       100%        7


Dungeon Overview and Level Annotations

Branches:
Dungeon (9/15)             Temple (0/1) D:6             Orc (0/2) D:9
  Sewer (visited)
   Lair: D:8-11

Altars:
Ashenzari
Cheibriados
Elyvilon
Gozag
Yredelemnul
The Shining One

Annotations:
D:4 exclusion: centaur
D:7 Joseph
D:8 2 transporters, SirDiesAlot's ghost, novice MiHu


Innate Abilities, Weirdness & Mutations

You can spit globs of acid.
Your golden yellow scales are hard. (AC +7)
You cannot fit into any form of body armour.
You are cold-blooded and may be slowed by cold attacks.
You are resistant to acid. (rCorr)
You sometimes lose the ability to read scrolls when taking damage.


Message History

The troll claws you but does no damage.
It was a potion of flight.
You feel very buoyant.
You fly up into the air.
The troll bites you but does no damage. The troll closely misses you.
The troll claws you!
You feel threatened and lose the ability to read scrolls!
* * * LOW HITPOINT WARNING * * *
It was a potion of cancellation.
Your magical effects are unravelling.
You feel magically purged.
You float gracefully downwards.
The troll misses you. The troll barely misses you.
The troll claws you but does no damage.
It was a potion of invisibility.
You fade into invisibility!
You can read scrolls again.
The troll barely misses you. x3
You are very lightly contaminated with residual magic.
The troll closely misses you. x3
Blink to where?
Press: ? - help, Dir - move target
As you read the scroll of blinking, it crumbles to dust.
Casting: Borgnjor's Vile Clutch (dangerous; 14% risk of failure)
Confirm with . or Enter, or press ? or * to list all spells.
Aiming: Borgnjor's Vile Clutch (dangerous; 14% risk of failure)
Press: ? - help, Shift-Dir - straight line, f - troll
Aim: a troll (100% to hit)
Zombie hands grab the troll.
The zombie hands constrict the troll.
The troll closely misses you. The troll claws you but does no damage.
The troll misses you.
You hit the troll.
The troll is moderately wounded.
The zombie hands constrict the troll!
The troll closely misses you. The troll claws you but does no damage.
The troll barely misses you.
You catch the helpless troll completely off-guard!
You hit the troll but do no damage.
You tail-slap the troll, but do no damage.
The troll is heavily wounded.
The zombie hands constrict the troll!
The troll bites you!
You feel threatened and lose the ability to read scrolls!
You die...

#......#.........#
#######....#...##'#+## #...#
#....######.#.########### #...#
###### #.#.##.....##.. #...######
#.#.##......#.. #........#
#.#.##......#..
###........########.#.##......#..
...............T.................
>...............@..(..........)..
####.......##....####.###........
#.......'........#.###........
#.......##.....#.#.#..........
#.......##.....#.#.#......####
####.......##.....#.#.#......#
......#########'#.#.#.##########
......#########.#.#.#.##...#...##
......'.........#.#.#......'.....


You could see a troll (clutched).

Vanquished Creatures
  A hornet (D:8)
  6 yaks (D:8)
  A sky beast (D:6)
  An orc warrior (D:9)
  2 ogres
  2 centaurs
  A kobold brigand (D:9)
  4 bullfrogs
  3 scorpions
  A gnoll sergeant (D:6)
  A water moccasin skeleton (D:4)
  4 wights (D:6)
  2 howler monkeys (D:8)
  A centaur zombie (D:8)
  5 hounds
  A bullfrog skeleton (D:6)
  4 orc priests
  A jelly (D:4)
  An iguana (D:3)
  4 orc wizards
  2 hound skeletons (D:4)
  10 gnolls
  3 river rats (Sewer)
  16 adders
  2 white imps (D:8)
  2 ufetubi (D:6)
  2 worms
  A dart slug (D:3)
  24 orcs
  6 bats
  5 endoplasms
  6 giant cockroaches
  A goblin (D:4)
  6 hobgoblins
  6 jackals
  17 ball pythons
  4 frilled lizards
  6 kobolds
  27 rats
192 creatures vanquished.

Notes
Turn   | Place    | Note
-------+----------+-------------------------------------------
     0 | D:1      | freelancePsychic the Draconian Conjurer began the quest for
                  | the Orb.
     0 | D:1      | Reached XP level 1. HP: 14/14 MP: 3/3
   397 | D:1      | Reached XP level 2. HP: 12/20 MP: 1/5
   408 | D:1      | Learned a level 2 spell: Searing Ray
   552 | D:1      | Found a faded altar of an unknown god.
  1610 | D:2      | Reached XP level 3. HP: 26/26 MP: 4/7
  2232 | D:3      | Found a large runed translucent door.
  2241 | D:3      | Found a large runed translucent door.
  2259 | D:3      | Found a snail-covered altar of Cheibriados.
  2263 | D:3      | Found a glowing golden altar of the Shining One.
  2435 | D:3      | Became a worshipper of Cheibriados the Contemplative
  2570 | D:3      | Reached skill level 5 in Conjurations
  2570 | D:3      | Reached XP level 4. HP: 25/33 MP: 4/8
  4050 | D:3      | Reached skill level 1 in Fighting
  4055 | D:3      | Reached XP level 5. HP: 6/40 MP: 1/9
  4362 | D:4      | Noticed a centaur
  4391 | D:4      | Reached * piety under Cheibriados
  4517 | D:4      | Noticed an ogre
  4528 | D:4      | Killed an ogre
  4529 | D:4      | Reached XP level 6. HP: 50/50 MP: 0/10
  4683 | D:4      | Found a broken altar of Ashenzari.
  4715 | D:4      | Reached skill level 6 in Conjurations
  5168 | D:4      | Found an opulent altar of Gozag.
  5244 | D:4      | Found a white marble altar of Elyvilon.
  5545 | D:4      | Found a basalt altar of Yredelemnul.
  5814 | D:5      | Entered Level 5 of the Dungeon
  5966 | D:5      | Your scales start taking on a golden yellow colour.
  5966 | D:5      | Reached XP level 7. HP: 57/57 MP: 6/11
  5966 | D:5      | Gained mutation: You are resistant to acid. (rCorr) [Yellow
                  | Draconian growth]
  6546 | D:6      | Reached ** piety under Cheibriados
  6556 | D:6      | Reached skill level 7 in Conjurations
  6560 | D:6      | Found a glowing drain.
  6772 | D:6      | Found a staircase to the Ecumenical Temple.
  6802 | D:6      | Reached XP level 8. HP: 26/63 MP: 2/12
  6886 | D:6      | Reached skill level 5 in Fighting
  6907 | D:6      | Reached skill level 5 in Dodging
  6914 | Sewer    | Entered a sewer
  7265 | Sewer    | Reached *** piety under Cheibriados
  7699 | Sewer    | Reached skill level 1 in Hexes
  7709 | Sewer    | Reached **** piety under Cheibriados
  8467 | D:6      | Reached skill level 1 in Necromancy
  8467 | D:6      | Reached skill level 1 in Earth Magic
  9169 | D:7      | Noticed Joseph
  9501 | D:8      | Reached XP level 9. HP: 71/74 MP: 4/15
  9733 | D:8      | Learned a level 5 spell: Borgnjor's Vile Clutch
  9894 | D:8      | Reached ***** piety under Cheibriados
  9895 | D:8      | Reached skill level 5 in Necromancy
  9895 | D:8      | Reached skill level 5 in Earth Magic
 10450 | D:8      | Found a transporter.
 10460 | D:8      | Noticed SirDiesAlot's ghost (novice MiHu)
 10475 | D:8      | Found a transporter.
 10704 | D:9      | Found a staircase to the Orcish Mines.
 10941 | D:9      | Noticed a troll
 10959 | D:8      | Gained mutation: You sometimes lose the ability to read
                  | scrolls when taking damage. [potion of mutation]
 10974 | D:8      | Slain by a troll

Illustrated notes

Levels and vault maps discovered:
D:1:      lemuel_arrival_river_ford, layout_loops_corners,
          ebering_ecumenical_altar_mist
D:2:      layout_loops_ring
D:3:      layout_loops_corners, jmf_multi_god_temple2, chequers_avenue,
          chequers_big_river
D:4:      layout_rooms, evilmike_ruin_ashenzari, nicolae_overflow_crystal_walls,
          elyvilon_altar_1, marbit_many_paths
D:5:      layout_loops_ring, kennysheep_generic_room_11
D:6:      layout_basic, minmay_temple_entry_grid, gup_sewer_entry_glass
D:7:      layout_basic, uniq_joseph
D:8:      layout_basic, gammafunk_ghost_stat_death
D:9:      layout_gridville, trog_wizard, orc_0_dummy, minmay_pinched_square

Skill      XL: |  1  2  3  4  5  6  7  8  9 |
---------------+----------------------------+-----
Spellcasting   | 3 4 |  4.0
Conjurations   | 5 6 7 |  7.8
Dodging        | 2 3 4 5 |  5.4
Fighting       | 1 2 3 4 5 |  5.0
Hexes          | 1 |  1.8
Necromancy     | 2 5 |  5.8
Earth Magic    | 2 5 |  5.8
Stealth        | |  1.8

Action                   |  1- 3 |  4- 6 |  7- 9 || total
-------------------------+-------+-------+-------++-------
Melee: Unarmed           |    37 |    26 |    86 ||   149
       Tailslap          |     2 |     2 |    16 ||    20
       Staff             |       |       |    14 ||    14
 Cast: Magic Dart        |    17 |       |     7 ||    24
       Searing Ray       |    24 |    38 |    76 ||   138
       Borgnjor's Vile C |       |       |     3 ||     3
 Abil: Breathe Acid      |       |       |     9 ||     9
  Use: Scroll            |     1 |     6 |    10 ||    17
       Potion            |       |     6 |     5 ||    11
 Stab: Invisible         |       |       |     1 ||     1
Armor: Skin              |    20 |    18 |    87 ||   125
Dodge: Dodged            |    47 |    51 |   300 ||   398

Table legend: (Time is in decaauts)
 A = Elapsed time spent in this place.
 B = Non-inter-level travel time spent in this place.
 C = Inter-level travel time spent in this place.
 D = Time resting spent in this place.
 E = Time spent auto-exploring this place.
 F = Levels seen in this place.
 G = Mean time per level.
                   A        B        C        D        E       F      G
               +--------+--------+--------+--------+--------+-----+--------+
         Total |  13280 |  12949 |    331 |   1264 |   9985 |  10 | 1328.0 |
       Dungeon |  12052 |  11721 |    331 |   1114 |   9183 |   9 | 1339.1 |
         Sewer |   1228 |   1228 |      0 |    150 |    802 |   1 | 1228.0 |
               +--------+--------+--------+--------+--------+-----+--------+

Top non-repeatable levels by time:
     D:3: 2276 daAuts
     D:8: 1927 daAuts
     D:4: 1829 daAuts
     D:6: 1722 daAuts
     D:1: 1397 daAuts
   Sewer: 1228 daAuts
     D:2: 967 daAuts
     D:5: 957 daAuts
     D:7: 641 daAuts
     D:9: 332 daAuts
